 Dungeon Crawl Stone Soup version 0.31-a0-214-gb37851dbb3 (webtiles) character file.

Game seed: 14740574629842533106

160 holysushi the Poker (level 5, -5/39 (41) HPs)
             Began as a Formicid Fighter on July 1, 2023.
             Killed from afar by Ijyb (16 damage)
             ... with a bolt of light
             ... on level 4 of the Dungeon.
             The game lasted 00:03:27 (2689 turns).

holysushi the Poker (Formicid Fighter)              Turns: 2689, Time: 00:03:27

HP:   -5/39 (41)    AC:  8    Str: 21    XL:     5   Next: 69%
MP:   5/5           EV:  9    Int:  7    God:
Gold: 174           SH:  0    Dex: 15    Spells: 4/4 levels left

rFire   . . .        s - +0 halberd
rCold   . . .        c - +0 buckler
rNeg    . . .        b - +0 scale mail
rPois   .            (helmet unavailable)
rElec   .            v - scarf {shadows}
rCorr   .            m - +0 pair of gloves
SInv    +            (no boots)
Will    .....        (no amulet) Stlth
                     (no ring)
HPRegen 0.26/turn    (no ring)
MPRegen 0.09/turn

%: no passive effects
@: confused, lightly drained
A: permanent stasis, dig shafts and tunnels, antennae 3, four strong arms
a: Dig, Shaft Self


You were on level 4 of the Dungeon.
You visited 1 branch of the dungeon, and saw 4 of its levels.

You collected 174 gold pieces.

Inventory:

Hand Weapons
 a - a +0 trident
 s - a +0 halberd (weapon)
Armour
 b - a +0 scale mail (worn)
 c - a +0 buckler (worn)
 m - a +0 pair of gloves (worn)
 v - a scarf of shadows (worn)
Jewellery
 h - a ring of ice
Scrolls
 g - a scroll of blinking {unknown}
 j - a scroll of fog {unknown}
 l - a scroll of amnesia {unknown}
 n - 2 scrolls of torment {unknown}
 q - a scroll of identify {unknown}
 r - a scroll of enchant weapon {unknown}
 w - a scroll of teleportation {unknown}
Potions
 d - a potion of might
 e - 2 potions of degeneration {unknown}
 f - a potion of attraction {unknown}
 i - 2 potions of heal wounds {unknown}
 k - a potion of haste {unknown}
 o - a potion of lignification {unknown}
 p - a potion of mutation {unknown}
 t - a potion of invisibility {unknown}
 u - a potion of magic {unknown}


   Skills:
 - Level 3.2 Fighting
 + Level 5.4 Polearms
 - Level 3.2 Armour
 - Level 4.0 Shields


You had 4 spell levels left.
You didn't know any spells.
Your spell library contained the following spells:

 Spells                   Type           Power      Damage    Failure   Level
 Ensorcelled Hibernation  Hex/Ice        0%         N/A       93%         2
 Passwall                 Tmut/Erth      0%         N/A       93%         2
 Swiftness                Air            Unusable   N/A       N/A         3

Dungeon Overview and Level Annotations

Branches:
Dungeon (4/15) Zot: 21265
 Temple: D:4-7

Altars:
Xom

Annotations:
D:4 Ijyb


Innate Abilities, Weirdness & Mutations

You cannot be hasted, slowed, berserked, paralysed or teleported.
You can dig through walls and to a lower floor.
You have a pair of large antennae on your head. (SInv)
Your four strong arms can wield two-handed weapons with a shield.


Message History

The hound stops to sniff the ground.
The orc wizard barely misses you.
The orc wizard attacks as you move away!
The orc wizard closely misses you. The hound bites you.
The orc wizard barely misses you.
You bump into the rock wall.
You feel less confused. You block the hound's attack.
The orc wizard gestures at you while chanting.
The puff of flame misses you. The hound bites you.
You closely miss the orc wizard.
The orc wizard is severely wounded.
You block the hound's attack. The orc wizard closely misses you.
You barely miss the orc wizard.
The orc wizard is severely wounded.
The hound bites you but does no damage.
The orc wizard hits you but does no damage.
The hound barely misses you.
You hit the orc wizard but do no damage.
The orc wizard is severely wounded.
The hound closely misses you. The orc wizard completely misses you.
The hound bites you but does no damage.
The orc wizard hits you but does no damage.
You miss the orc wizard.
The orc wizard is severely wounded.
The hound misses you. The hound bites you but does no damage.
Ijyb the Twisted Goblin comes into view.
She is wielding a +0 dagger and carrying a wand of light (6).
The orc wizard closely misses you.
You hit the orc wizard.
The orc wizard is almost dead.
The hound barely misses you.
Ijyb zaps a wand.
The bolt of light hits you!
You are confused.
The orc wizard hits you with a +0 dagger.
The hound bites you but does no damage.
You miss the orc wizard.
The orc wizard is almost dead.
The hound bites you.
* * * LOW HITPOINT WARNING * * *
Ijyb zaps a wand.
The bolt of light hits you!
You die...

# # #g#.
.$.#### ..
#....# ..
#.###..###....
##.....@ho..<#
#......o######
#.#####.......
#......#####
##.#......#
#.#.#.##.#
..#.#... #
####.#..##
#.####<..#..#


You could see Ijyb, a hound, an orc wizard (invisible) and an orc.

Vanquished Creatures
  4 gnolls
  3 adders
  A worm (D:3)
  3 dart slugs
  8 orcs
  7 ball pythons
  6 endoplasms
  5 giant cockroaches
  7 goblins
  5 hobgoblins
  3 jackals (D:2)
  A quokka (D:2)
  5 bats
  3 frilled lizards
  4 kobolds
  8 rats
73 creatures vanquished.

Notes
Turn   | Place    | Note
-------+----------+-------------------------------------------
     0 | D:1      | holysushi the Formicid Fighter began the quest for the Orb.
     0 | D:1      | Reached XP level 1. HP: 18/18 MP: 1/1
    77 | D:1      | Reached XP level 2. HP: 24/24 MP: 2/2
   162 | D:1      | Reached skill level 3 in Polearms
   376 | D:1      | Reached XP level 3. HP: 29/29 MP: 3/3
   732 | D:2      | Found a shimmering altar of Xom.
  1165 | D:2      | Reached skill level 4 in Polearms
  1165 | D:2      | Reached XP level 4. HP: 35/35 MP: 4/4
  2019 | D:2      | Reached XP level 5. HP: 23/41 MP: 5/5
  2095 | D:3      | Reached skill level 5 in Polearms
  2687 | D:4      | Noticed Ijyb
  2689 | D:4      | Killed from afar by Ijyb

Illustrated notes

Levels and vault maps discovered:
D:1:      dpeg_arrival_signposts, layout_basic
D:2:      minmay_inner_zag, layout_loops_ring, basic_altar
D:3:      layout_rooms, nicolae_hexahallways
D:4:      layout_basic, uniq_ijyb

Skill      XL: |  1  2  3  4  5 |
---------------+----------------+-----
Polearms       | 3 4 5 |  5.4
Fighting       | |  3.2
Armour         | |  3.2
Shields        | |  4.0

Action                     |  1- 3 |  4- 6 || total
---------------------------+-------+-------++-------
  Melee: Trident           |    89 |    59 ||   148
         Halberd           |       |    69 ||    69
Ability: Dig               |       |     2 ||     2
 Armour: Scale mail        |    25 |    54 ||    79
  Dodge: Dodged            |    21 |    53 ||    74
  Block: Buckler           |    13 |    34 ||    47

Table legend: (Time is in decaauts)
 A = Elapsed time spent in this place.
 B = Non-inter-level travel time spent in this place.
 C = Inter-level travel time spent in this place.
 D = Time resting spent in this place.
 E = Time spent auto-exploring this place.
 F = Levels seen in this place.
 G = Mean time per level.
                   A        B        C        D        E       F      G
               +--------+--------+--------+--------+--------+-----+--------+
         Total |   2733 |   2585 |    148 |    304 |   1645 |   4 |  683.2 |
       Dungeon |   2733 |   2585 |    148 |    304 |   1645 |   4 |  683.2 |
               +--------+--------+--------+--------+--------+-----+--------+

Top non-repeatable levels by time:
     D:2: 1299 daAuts
     D:1: 730 daAuts
     D:3: 655 daAuts
     D:4: 48 daAuts
